 Dungeon Crawl Stone Soup version 0.28.0-45-g0d030f2227 (webtiles) character file.

Game seed: 7963902903599108155

3810 Mesmaeker13 the Grappler (level 9, -16/64 HPs)
             Began as a Grey Draconian Transmuter on May 18, 2022.
             Was a Believer of Ru.
             Demolished by an orc warrior
             ... wielding a +0 war axe
              (18 damage)
             ... in a bailey.
             The game lasted 00:14:57 (9075 turns).

Mesmaeker13 the Grappler (DrTm)                     Turns: 9075, Time: 00:14:57

Health: -16/64     AC: 15    Str: 14      XL:     9   Next: 96%
Magic:  13/13      EV: 12    Int: 15 (17) God:    Ru [**....]
Gold:   302        SH:  0    Dex: 11      Spells: 4/14 levels left

rFire   . . .      SeeInvis .     - Unarmed
rCold   . . .      Faith    .   (no shield)
rNeg    . . .      Spirit   .   (armour unavailable)
rPois   .          Reflect  .   (helmet restricted)
rElec   .          Harm     .   h - +0 cloak
rCorr   .          Rampage  .   f - +0 pair of gloves
Will    .....                   w - +0 pair of boots
Stlth   +.........              g - amulet of magic regeneration
HPRegen 0.20/turn               (no ring)
MPRegen 0.53/turn               (no ring)

@: about to teleport
A: AC +12, amphibious, unfitting armour, cold-blooded, hated by all
a: Renounce Religion


You were in a bailey.
You worshipped Ru.
Ru was pleased with you.
You visited 2 branches of the dungeon, and saw 8 of its levels.
You also visited: Ossuary and Bailey.

You collected 302 gold pieces.

Inventory:

Missiles
 o - 4 poisoned darts (quivered)
Armour
 f - a +0 pair of gloves (worn)
 h - a +0 cloak (worn)
 w - a +0 pair of boots (worn)
Jewellery
 g - an amulet of magic regeneration (around neck)
Scrolls
 b - 2 scrolls of teleportation
 c - a scroll of magic mapping
 i - a scroll of silence
 k - a scroll of fog
 n - 2 scrolls of amnesia
 p - a scroll of torment
 r - a scroll of immolation {unknown}
 t - a scroll of brand weapon {unknown}
 y - a scroll of vulnerability {unknown}
Potions
 a - a potion of resistance
 d - a potion of haste
 e - 3 potions of brilliance
 j - 2 potions of invisibility {unknown}
 s - 2 potions of ambrosia {unknown}
 v - a potion of cancellation {unknown}
 x - 2 potions of might {unknown}
 z - 2 potions of heal wounds {unknown}


   Skills:
 - Level 1.1 Fighting
 - Level 1.7 Dodging
 + Level 8.5 Unarmed Combat
 - Level 3.1 Spellcasting
 + Level 8.1 Transmutations
 + Level 3.6 Ice Magic
 + Level 7.5 Poison Magic


You had 4 spell levels left.
You knew the following spells:

 Your Spells              Type           Power      Damage    Failure   Level
a - Beastly Appendage     Tmut           52%        N/A       1%          1
b - Wereblood             Tmut           26%        N/A       1%          2
c - Spider Form           Tmut/Pois      25%        N/A       2%          3
d - Ice Form              Ice/Tmut       20%        N/A       17%         4

Your spell library contained the following spells:

 Spells                   Type           Power      Damage    Failure   Level
 Slow                     Hex            8%         N/A       21%         1
 Confusing Touch          Hex            2%         N/A       52%         3
 Vampiric Draining        Necr           2%         2d6       52%         3
 Airstrike                Air            1%         N/A       89%         4
 Yara's Violent Unravell  Hex/Tmut       7%         3d5       71%         5
 Lightning Bolt           Conj/Air       1%         1d12      99%         5
 Enfeeble                 Hex            1%         N/A       100%        7
 Summon Lightning Spire   Summ/Air       Unusable   N/A       N/A         4

Dungeon Overview and Level Annotations

Branches:
Dungeon (7/15)             Temple (1/1) D:5         Ossuary (visited)
 Bailey (1/1)

Altars:
Elyvilon
Okawaru
Ru
Sif Muna
Trog
Wu Jian
Xom
Zin

Shops:
D:1 [   D:4 !


Innate Abilities, Weirdness & Mutations

Your dull iron-grey scales are very hard. (AC +12)
You are amphibious.
You cannot fit into any form of body armour.
You are cold-blooded and may be slowed by cold attacks.
You are hated by all.


Message History

An orc comes into view. It is wielding a +0 hand axe.
The orc warrior closely misses you. The orc warrior misses you.
The hobgoblin barely misses you.
There is an open door here.
The orc warrior barely misses you. The goblin hits you with a +0 hand axe.
The orc warrior barely misses you.
The orc shouts!
You hear a shout!
The orc warrior barely misses you. The goblin hits you but does no damage.
As you read the scroll labelled KOLANG VYODDOE, it crumbles to dust.
The scroll dissolves into smoke.
It was a scroll of fog.
The orc warrior misses you.
The orc warrior hits you but does no damage.
The goblin hits you but does no damage. The orc warrior barely misses you.
The goblin closely misses you.
As you read the scroll labelled XECSOHAIPS, it crumbles to dust.
You assume a fearsome visage.
The orc warrior resists with some effort.
The orc looks frightened!
The orc warrior looks frightened!
The hobgoblin looks frightened!
The goblin looks frightened!
It was a scroll of fear.
The orc warrior hits you with a +0 war axe!
The orc warrior closely misses you. The orc warrior closely misses you.
A hobgoblin comes into view. It is wielding a +0 hand axe.
The orc warrior hits you with a +0 war axe!!
* * * LOW HITPOINT WARNING * * *
The hobgoblin moves out of view.
The orc warrior shouts!
As you read the scroll of teleportation, it crumbles to dust.
You feel strangely unstable.
You hear a shout!
The orc warrior hits you with a +0 war axe!
* * * LOW HITPOINT WARNING * * *
Unknown command.
You feel better.
The orc warrior hits you with a +0 war axe.
* * * LOW HITPOINT WARNING * * *
The hobgoblin hits you but does no damage.
The orc warrior hits you with a +0 war axe!!
You die...

.......## .g......#
........## #######
....⌠.....####
##.....##.........##...
#.......' .......))....
##......o##.......##)...
#.........#.......#.)...
##......@..##88.88##.....
#...§§§go§..###'###.....⌠
#.§§§§§g§.###.. ##.o...
#.§§.§§§§.#... #.....
#§§§§§§§##.g ##....
#§§§o§§.# #.... ##§§§g.##
##... ##§#### ####
##.g...## ##...


You could see 2 orc warriors, 2 hobgoblins and a goblin.

Vanquished Creatures
  A two-headed ogre (D:5)
  An orc knight (Bailey)
  Sigmund (D:5)
  A steam dragon (D:5)
  A water moccasin (D:6)
  A black bear (D:3)
  8 orc warriors
  Pargi (D:3)
  4 ogres
  A centaur (D:6)
  A bullfrog (D:6)
  2 elf zombies (Ossuary)
  2 scorpions
  A howler monkey (D:6)
  A centaur zombie (D:5)
  3 jellies
  An orc priest (D:7)
  2 hounds
  A human zombie (Ossuary)
  A centaur skeleton (D:7)
  A bullfrog skeleton (D:6)
  3 orc wizards
  3 hound zombies (Ossuary)
  3 mummies (Ossuary)
  6 adders
  10 gnolls (Bailey)
  A shadow imp (D:6)
  2 white imps
  An adder skeleton (D:4)
  4 adder zombies (Ossuary)
  2 worms (D:2)
  A dart slug (D:2)
  22 orcs
  5 endoplasms
  3 giant cockroaches
  5 gnoll zombies (Ossuary)
  12 goblins
  14 hobgoblins
  3 jackals (D:1)
  4 quokkas
  7 ball pythons
  4 frilled lizards
  4 goblin zombies (Ossuary)
  2 hobgoblin zombies (Ossuary)
  3 jackal zombies (Ossuary)
  4 kobolds
  A kobold zombie (Ossuary)
  2 orc zombies (Ossuary)
  4 quokka zombies (Ossuary)
  4 rats
  6 rat zombies
181 creatures vanquished.

Vanquished Creatures (others)
  A plant (D:1)
1 creature vanquished.

Grand Total: 182 creatures vanquished

Notes
Turn   | Place    | Note
-------+----------+-------------------------------------------
     0 | D:1      | Mesmaeker13 the Draconian Transmuter began the quest for
                  | the Orb.
     0 | D:1      | Reached XP level 1. HP: 16/16 MP: 3/3
   199 | D:1      | Reached XP level 2. HP: 23/23 MP: 3/5
   384 | D:1      | Found a faded altar of an unknown god.
   831 | D:1      | Found Oraileocs's Armour Boutique.
  1028 | D:2      | Reached XP level 3. HP: 22/28 MP: 4/6
  1033 | D:2      | Learned a level 2 spell: Wereblood
  1037 | D:2      | Learned a level 3 spell: Spider Form
  2023 | D:3      | Noticed a black bear
  2048 | D:3      | Killed a black bear
  2049 | D:3      | Reached skill level 1 in Poison Magic
  2049 | D:3      | Reached XP level 4. HP: 17/35 MP: 5/8
  2049 | D:3      | Reached XP level 5. HP: 20/40 MP: 5/9
  2245 | D:3      | Noticed Pargi
  2275 | D:3      | Killed Pargi
  2873 | D:3      | Found a white marble altar of Elyvilon.
  3293 | D:4      | Noticed an ogre
  3299 | D:4      | Killed an ogre
  3300 | D:4      | Reached XP level 6. HP: 47/47 MP: 6/10
  3373 | D:4      | Found Qodoke's Distillery.
  3515 | D:4      | Reached skill level 5 in Unarmed Combat
  3691 | D:4      | Your scales start taking on a dull iron-grey colour.
  3691 | D:4      | Reached XP level 7. HP: 42/52 MP: 11/11
  3932 | D:5      | Entered Level 5 of the Dungeon
  4047 | D:5      | Found a sand-covered staircase.
  4070 | Ossuary  | Entered an ossuary
  4092 | Ossuary  | Reached skill level 5 in Transmutations
  4428 | D:5      | Found a staircase to the Ecumenical Temple.
  4438 | D:5      | Reached XP level 8. HP: 57/59 MP: 12/12
  4454 | Temple   | Entered the Ecumenical Temple
  4462 | Temple   | Became a worshipper of Ru the Awakened
  4620 | D:5      | Noticed a two-headed ogre
  4672 | D:5      | Killed a two-headed ogre
  4673 | D:5      | Reached skill level 5 in Poison Magic
  5341 | D:5      | Noticed Sigmund
  5394 | D:5      | Killed Sigmund
  5451 | D:5      | Found a bloodstained altar of Trog.
  5457 | D:5      | Found an ornate altar of the Wu Jian Council.
  5460 | D:5      | Found a shimmering blue altar of Sif Muna.
  5686 | D:6      | Reached XP level 9. HP: 29/64 MP: 13/13
  5715 | D:5      | Learned a level 4 spell: Ice Form
  6487 | D:6      | Reached skill level 1 in Ice Magic
  6736 | D:6      | Gained mutation: You are hated by all. [Ru sacrifice]
  6736 | D:6      | Reached * piety under Ru
  6736 | D:6      | Reached ** piety under Ru
  6830 | D:6      | Found Wucitaw's Assorted Antiques.
  7649 | D:7      | Found a flagged portal.
  7659 | Bailey   | Entered a bailey
  7843 | Bailey   | Noticed an orc knight
  7862 | Bailey   | Killed an orc knight
  9028 | Bailey   | Noticed an orc warlord
  9074 | Bailey   | HP: 1/64 [orc warrior/+0 war axe (7)]
  9075 | Bailey   | Demolished by an orc warrior

Illustrated notes

Levels and vault maps discovered:
D:1:      denvon_arrival_planthouse, layout_basic,
          chequers_ecumenical_altar_island, serial_shops, nicolae_lakefront_shop
D:2:      minmay_recursive_quarters, layout_basic
D:3:      cheibrodos_old_hovel, layout_basic, elyvilon_altar_4, uniq_pargi
D:4:      layout_cave_pools, serial_shops, kennysheep_little_box
D:5:      layout_basic, minmay_overflow_temple_star_quad,
          minmay_temple_entry_junction, serial_rivers,
          chequers_serial_rivers_micro_e, chequers_serial_rivers_large_a,
          chequers_serial_rivers_micro_a, chequers_serial_rivers_large_b,
          enter_ossuary_3, uniq_sigmund
D:6:      layout_cave_pods, serial_shops, nicolae_inconvenience_store
D:7:      layout_loops_ring, enter_bailey_5
Temple:   regret_index_temple_mists
Bailey:   bailey_axe_minmay_hex_keep, bailey

Skill      XL: |  1  2  3  4  5  6  7  8  9 |
---------------+----------------------------+-----
Unarmed Combat | 4 5 6 7 8 |  8.5
Spellcasting   | 3 |  3.1
Transmutations | 3 4 5 7 8 |  8.1
Poison Magic   | 1 2 3 4 6 7 |  7.5
Ice Magic      | 3 |  3.6
Fighting       | |  1.1
Dodging        | |  1.7

Action                   |  1- 3 |  4- 6 |  7- 9 || total
-------------------------+-------+-------+-------++-------
Melee: Unarmed           |    72 |    71 |   406 ||   549
       Kick              |    15 |     8 |    75 ||    98
       Headbutt          |    13 |     5 |    45 ||    63
       Tailslap          |     5 |     2 |    40 ||    47
       Punch             |     2 |     1 |    11 ||    14
Throw: Dart              |       |       |     5 ||     5
 Cast: Beastly Appendage |    20 |    12 |    28 ||    60
       Spider Form       |     1 |     4 |    14 ||    19
       Wereblood         |       |     1 |    12 ||    13
Invok: Sacrifice Love    |       |       |     1 ||     1
Evoke: Wand              |       |       |     8 ||     8
  Use: Scroll            |     1 |     4 |     5 ||    10
       Potion            |       |       |     8 ||     8
 Stab: Distracted        |       |       |     1 ||     1
Armor: Skin              |    21 |    14 |   141 ||   176
Dodge: Dodged            |    53 |    51 |   254 ||   358
